Map: Oxide LE

Players

A.I. 1 (Very Hard)

  • Race: Protoss Protoss

jheffe - Winner!

  • Race: Terran Terran
  • League: Master

VOD

Have the link to the VOD?

Description

Time

  • Played on: May 2, 2021, 8:12 p.m.
  • Length: 9:42
Show
View Real Time Build Order
Export as new Build Order

A.I. 1 (Very Hard) Protoss 

Build Orders: 1 Gate Expand, Colossus Rush 

Get SALT Encoding   

  12  0:00  Probe  
  13  0:13  Probe  
  14  0:19  Pylon  
  14  0:25  Probe  
  15  0:34  Probe  
  15  0:42  Probe  
  17  0:50  Gateway  
  17  0:52  Probe  
  18  1:00  Probe  
  19  1:14  Probe  
  19  1:16  Nexus  
  20  1:27  Probe  
  21  1:36  Pylon  
  21  1:37  Zealot  
  23  1:44  Cybernetics Core  
  23  1:48  Assimilator  
  24  1:54  Probe  
  24  2:02  Probe  
  25  2:10  Probe  
  26  2:19  Probe  
  26  2:21  Pylon  
  26  2:27  Probe  
  26  2:28  Probe  
  28  2:32  Warp Gate, Gateway  
  29  2:37  Probe  
  29  2:40  Assimilator  
  30  2:49  Stalker  
  32  2:52  Probe  
  32  2:53  Pylon  
  32  2:55  Probe  
  34  3:02  Probe  
  35  3:07  Probe  
  36  3:13  Adept  
  36  3:14  Probe  
  36  3:18  Adept  
  41  3:20  Probe  
  41  3:26  Robotics Facility  
  42  3:30  Probe  
  42  3:32  Probe  
  44  3:39  Adept  
  44  3:42  Probe  
  44  3:44  Probe  
  47  3:48  Adept  
  47  3:54  Probe  
  50  3:56  Probe  
  51  4:03  Pylon  
  51  4:05  Probe  
  51  4:08  Probe  
  51  4:09  Adept  
  55  4:13  Probe  
  55  4:18  Robotics Bay  
  55  4:21  Pylon, Probe  
  57  4:26  Adept  
  57  4:27  Observer  
  57  4:28  Gateway  
  57  4:30  Probe  
  60  4:34  Pylon  
  60  4:35  Probe  
  62  4:49  Robotics Facility  
  62  4:55  Stalker  
  64  5:00  Pylon, Zealot  
  66  5:15  Pylon  
  66  5:17  Gateway  
  66  5:18  Zealot  
  66  5:20  Stalker  
  70  5:22  Zealot  
  72  5:31  Zealot  
  74  5:41  Colossus  
  80  5:43  Pylon  
  80  5:45  Probe  
  80  5:47  Assimilator  
  81  6:02  Twilight Council  
  81  6:04  Assimilator  
  81  6:06  Pylon  
  81  6:09  Probe  
  81  6:10  Probe  
  83  6:15  Forge  
  83  6:17  Gateway  
  83  6:22  Probe  
  83  6:25  Forge  
  83  6:26  Probe  
  83  6:30  Probe  
  85  6:35  Nexus  
  86  6:42  Templar Archives  
  86  6:47  Zealot x4  
  86  6:52  Photon Cannon  
  60  7:07  Adept, Zealot x2, Sentry  
  64  7:11  Zealot  
  41  7:26  Probe  
  41  7:27  High Templar, Zealot, Stalker  
  41  7:29  Zealot  
  19  7:30  Adept  
  9  7:38  Probe  
  9  7:42  Nexus, Zealot  
  9  7:49  Probe  
  5  8:13  Probe  
  5  8:16  Pylon  
  6  9:14  Probe  
Show
View Real Time Build Order
Export as new Build Order

jheffe Terran - Winner!

Build Orders:  

Get SALT Encoding   

  12  0:00  SCV  
  13  0:12  SCV  
  14  0:17  Supply Depot  
  14  0:24  SCV  
  15  0:38  SCV  
  15  0:39  Barracks  
  16  0:44  Refinery  
  16  0:50  SCV  
  17  1:03  SCV  
  18  1:15  SCV  
  19  1:26  Marine  
  19  1:27  Orbital Command  
  20  1:40  Command Center  
  20  1:45  Barracks Reactor  
  20  1:52  SCV  
  21  1:55  Supply Depot  
  21  2:04  SCV  
  21  2:08  Factory  
  22  2:16  SCV  
  22  2:21  Refinery  
  22  2:22  Marine x2  
  25  2:29  SCV  
  26  2:40  Marine x2  
  26  2:42  SCV  
  29  2:52  Orbital Command, Starport  
  29  2:55  SCV  
  30  3:00  Hellion  
  30  3:02  Marine  
  30  3:04  Marine  
  34  3:07  SCV  
  35  3:13  Barracks  
  35  3:19  SCV  
  36  3:20  SCV  
  36  3:21  Marine  
  36  3:23  Marine  
  36  3:25  Factory Tech Lab  
  39  3:31  SCV  
  39  3:33  SCV  
  41  3:35  Barracks  
  41  3:40  Supply Depot  
  41  3:45  SCV  
  41  3:46  SCV  
  43  3:49  Raven, Factory Tech Lab  
  45  3:57  Supply Depot  
  45  3:58  SCV  
  45  4:01  SCV  
  47  4:08  Supply Depot  
  47  4:10  SCV  
  47  4:12  Stimpack  
  47  4:13  Marauder, SCV  
  51  4:20  Supply Depot  
  51  4:21  Marine  
  51  4:22  SCV, Marine  
  54  4:25  SCV  
  54  4:30  Engineering Bay  
  55  4:31  Refinery  
  55  4:34  SCV, Factory Reactor  
  55  4:37  Starport Reactor  
  55  4:38  SCV  
  57  4:39  Marauder  
  57  4:42  Marauder  
  57  4:45  Supply Depot  
  61  4:46  SCV  
  61  4:48  Combat Shield  
  61  4:50  SCV, Marine  
  64  4:57  Refinery, Terran Infantry Weapons Level 1  
  64  4:58  SCV  
  65  5:01  Marauder  
  65  5:02  Marine x2  
  69  5:07  SCV  
  69  5:08  Marine  
  69  5:10  SCV  
  72  5:17  Supply Depot  
  72  5:19  SCV  
  73  5:24  Orbital Command  
  73  5:25  Supply Depot  
  73  5:26  Medivac x2  
  73  5:27  Marauder  
  73  5:28  Marauder, Marine x2  
  81  5:32  Widow Mine  
  85  5:39  Widow Mine  
  87  5:51  SCV  
  87  5:52  Marauder x2, Marine x2  
  94  6:01  Medivac  
  94  6:02  Medivac  
  98  6:07  Supply Depot  
  98  6:08  Supply Depot  
  98  6:10  Concussive Shells, Marine x2  
  100  6:21  Marauder, Command Center  
  102  6:28  Marine x2  
  102  6:29  Marauder, Supply Depot  
  106  6:33  Supply Depot  
  106  6:40  Barracks  
  106  6:42  Barracks  
  106  6:46  Marauder  
  106  6:52  Marauder, Marine  
  106  6:53  Marine  
  102  7:02  Medivac  
  102  7:03  Widow Mine  
  102  7:07  Marauder, Supply Depot  
  108  7:10  Marine  
  108  7:11  SCV x2, Marine  
  108  7:14  Marauder  
  114  7:25  SCV  
  114  7:28  SCV  
  114  7:29  Marauder  
  118  7:30  Barracks Reactor, Barracks Tech Lab  
  118  7:31  Ghost Academy  
  118  7:33  Viking x2  
  122  7:37  SCV  
  122  7:41  SCV  
  124  7:47  Marauder, Marine x2  
  124  7:49  SCV  
  129  7:53  SCV  
  130  8:01  SCV, Ghost x2  
  130  8:03  Viking x2  
  130  8:05  Marine x2  
  141  8:08  Ghost, Orbital Command  
  141  8:09  SCV  
  144  8:13  SCV  
  145  8:24  Marine x4  
  149  8:31  Marauder x2, SCV x2  
  149  8:33  Supply Depot x2  
  156  8:34  SCV  
  156  8:37  Refinery  
  156  8:38  Refinery  
  156  8:44  Supply Depot  
  156  8:45  SCV  
  157  8:54  SCV x2, Viking x2  
  157  8:55  Marauder  
  165  8:56  Marine  
  165  8:57  Marine x3  
  165  8:58  Marauder x2  
  173  9:06  SCV  
  173  9:07  Supply Depot x2  
  174  9:14  Marine x2  
  174  9:16  Marauder, SCV x2  
  180  9:19  Command Center  
  180  9:20  Marauder  
  180  9:23  Armory, Engineering Bay  
  182  9:29  Missile Turret  
  182  9:31  Missile Turret  
Tags
 
Add a new tag
Caveats
  • Supply blocks, unpowered buildings, or Contaminate may cause inaccurate times.
  • Supply counts are checked every 10 seconds.